 Dungeon Crawl Stone Soup version 0.31-a0-626-g8143ab4f1d (webtiles) character file.

Game seed: 3422445431798641788

1228 IdlyInterested the Chopper (level 8, -7/58 (60) HPs)
             Began as a Demonspawn Fighter on Aug 24, 2023.
             Mangled by a wight
             ... wielding a +3 halberd of freezing
              (14 damage)
             ... on level 6 of the Dungeon.
             The game lasted 00:15:02 (5295 turns).

IdlyInterested the Chopper (Demonspawn Fighter)     Turns: 5295, Time: 00:15:03

HP:   -7/58 (60)    AC: 19    Str: 19    XL:     8   Next: 23%
MP:   8/8           EV:  5    Int: 10    God:
Gold: 404           SH:  4    Dex: 12    Spells: 7/7 levels left

rFire   . . .        a - +1 war axe
rCold   . . .        c - +0 buckler
rNeg    . . .        k - +0 plate armour
rPois   .            o - +0 helmet
rElec   .            d - +2 cloak
rCorr   .            f - +1 pair of gloves
SInv    .            g - +0 pair of boots
Will    .....        (no amulet) Stlth
                     m - ring of flight
HPRegen 0.29/turn    (no ring)
MPRegen 0.11/turn

%: no passive effects
@: flying, hasted, lightly drained, very quick
A: powered by pain 1
a: no special abilities


You were on level 6 of the Dungeon.
You visited 1 branch of the dungeon, and saw 6 of its levels.
You also visited: Sewer.

You collected 404 gold pieces.

Inventory:

Hand Weapons
 a - a +1 war axe (weapon)
 v - a +0 hammer
 z - a +0 battleaxe
 B - a +0 spear
 C - a +1 heavy flail
 F - a +4 mace
Missiles
 e - 63 stones (quivered)
 i - 5 poisoned darts
 w - 8 boomerangs
Armour
 b - +1 ice dragon scales
 c - a +0 buckler (worn)
 d - a +2 cloak (worn)
 f - a +1 pair of gloves (worn)
 g - a +0 pair of boots (worn)
 k - a +0 plate armour (worn)
 o - a +0 helmet (worn)
 E - the +0 ring mail of Rotation {rC+ Str-4 Dex+4}
   (You took it off a gnoll on level 6 of the Dungeon)

   Str-4:     It affects your strength (-4).
   Dex+4:     It affects your dexterity (+4).
   rC+:       It protects you from cold.
Jewellery
 m - a ring of flight (left hand)
 D - an amulet of guardian spirit
Talismans
 l - a beast talisman
Wands
 n - a wand of polymorph (10)
Scrolls
 u - 4 scrolls of immolation
 x - a scroll of enchant weapon
 y - 2 scrolls of fear
Potions
 h - a potion of lignification
 j - a potion of heal wounds {unknown}
 p - a potion of mutation {unknown}
 q - a potion of enlightenment
 r - a potion of invisibility
 s - a potion of curing
 t - a potion of cancellation {unknown}
 A - a potion of attraction


   Skills:
 - Level 4.0 Fighting
 * Level 7.8 Axes
 - Level 1.0 Throwing
 + Level 3.9 Armour
 - Level 1.0 Dodging
 - Level 1.0 Stealth
 - Level 3.0 Shields
 - Level 1.0 Evocations
 - Level 1.0 Shapeshifting


You had 7 spell levels left.
You didn't know any spells.
Your spell library contained the following spells:

 Spells                   Type           Power      Damage    Failure   Level
 Freeze                   Ice            0%         1d3       100%        1
 Magic Dart               Conj           0%         1d3       100%        1
 Ensorcelled Hibernation  Hex/Ice        0%         N/A       100%        2
 Passwall                 Tmut/Erth      0%         N/A       100%        2
 Searing Ray              Conj           0%         2d4       100%        2
 Frozen Ramparts          Ice            0%         1d1       100%        3
 Hailstorm                Conj/Ice       0%         3d3       100%        3
 Swiftness                Air            0%         N/A       100%        3
 Fulminant Prism          Conj/Hex       0%         3d5       100%        4


Dungeon Overview and Level Annotations

Branches:
Dungeon (6/15)              Sewer (visited)
 Temple: D:4-7

Altars:


Innate Abilities, Weirdness & Mutations

You sometimes gain a little power by taking damage.


Message History

Aim: a wight, wielding a +3 halberd of freezing and wearing a +0 robe (56% to hit)
You throw a stone.
The stone hits the wight but does no damage.
A wight comes into view. It is wielding a +0 spear.
Throw: 66 stones
Press: ? - help, Q - select action, (/) - cycle Shift-Dir - straight line, f/p - wight
Aim: a wight, wielding a +3 halberd of freezing and wearing a +0 robe (56% to hit)
You throw a stone. The stone barely misses the wight.
Unknown command.
Throw: 65 stones
Press: ? - help, Q - select action, (/) - cycle Shift-Dir - straight line, f/p - wight
Aim: a wight, wielding a +3 halberd of freezing and wearing a +0 robe (56% to hit)
You throw a stone. The stone closely misses the wight.
Unknown command.
Throw: 64 stones
Press: ? - help, Q - select action, (/) - cycle Shift-Dir - straight line, f/p - wight
Aim: a wight, wielding a +3 halberd of freezing and wearing a +0 robe (56% to hit)
You throw a stone.
The stone hits the wight but does no damage.
You slash the wight!
The wight is heavily damaged.
The wight hits you with a +3 halberd of freezing!
You feel drained.
* * * LOW HITPOINT WARNING * * *
The wight freezes you.
* * * LOW HITPOINT WARNING * * *
Okay, then.
You barely miss the wight.
The wight is heavily damaged.
The wight hits you but does no damage.
You completely miss the wight.
The wight is heavily damaged.
You block the wight's attack.
The wight hits you from afar with a +0 spear.
* * * LOW HITPOINT WARNING * * *
You hit the wight.
The wight is heavily damaged.
You block the wight's attack.
The wight hits you with a +3 halberd of freezing!
You die...

## ... .##.... .....
........ .... ........
..##........
#...........
#########....z.....#
###..........##.....#
###...#####.....@z..#.#
....### #.....[......#
##### #.......###..#
#.......# .# ##.....##
#.......# #.......#
#...()..# ##.....##


You could see 2 wights.

Vanquished Creatures
  Pargi (Sewer)
  A black bear (D:4)
  An ice beast (D:5)
  A centaur (D:5)
  4 scorpions
  2 wights (D:6)
  The ghost of Battleaxe07 the Trooper, a weakling DsBe of Wu Jian (D:4)
  An orc priest (D:3)
  A hound (D:4)
  A jelly (D:6)
  Crazy Yiuf (D:2)
  An iguana (D:6)
  A gnoll bouda (D:5)
  A sleepcap (D:5)
  Robin (D:2)
  11 gnolls
  7 adders
  3 worms
  7 orcs
  12 endoplasms
  6 giant cockroaches
  12 goblins
  13 hobgoblins
  5 quokkas
  8 ball pythons
  6 bats
  5 frilled lizards
  5 kobolds
  3 rats (D:1)
122 creatures vanquished.

Notes
Turn   | Place    | Note
-------+----------+-------------------------------------------
     0 | D:1      | IdlyInterested the Demonspawn Fighter began the quest for
                  | the Orb.
     0 | D:1      | Reached XP level 1. HP: 18/18 MP: 1/1
   189 | D:1      | Reached skill level 2 in Axes
   392 | D:1      | Gained mutation: You sometimes gain a little power by
                  | taking damage. [demonic ancestry]
   392 | D:1      | Reached XP level 2. HP: 24/24 MP: 2/2
  1263 | D:2      | Noticed Robin
  1280 | D:2      | Reached XP level 3. HP: 29/29 MP: 3/3
  1298 | D:2      | Reached skill level 3 in Axes
  1307 | D:2      | Killed Robin
  1449 | D:2      | Reached XP level 4. HP: 29/35 MP: 4/4
  1527 | D:2      | Found a runed translucent door.
  1528 | D:2      | Noticed Crazy Yiuf
  1889 | D:2      | Found a faded altar of an unknown god.
  2009 | D:2      | Killed Crazy Yiuf
  2010 | D:2      | Reached skill level 1 in Shapeshifting
  2099 | D:3      | Reached skill level 4 in Axes
  2467 | D:3      | Reached XP level 5. HP: 25/41 MP: 5/5
  2469 | D:3      | Reached skill level 1 in Evocations
  2700 | D:4      | Noticed Battleaxe07's ghost (weakling DsBe)
  2701 | D:4      | Found a transporter.
  2702 | D:4      | Noticed a black bear
  2712 | D:4      | Found a transporter.
  2876 | D:4      | Reached skill level 1 in Stealth
  2887 | D:4      | Found a glowing drain.
  2896 | Sewer    | Entered a sewer
  2964 | Sewer    | Reached skill level 5 in Axes
  2964 | Sewer    | Reached XP level 6. HP: 47/47 MP: 6/6
  3008 | Sewer    | Noticed Pargi
  3024 | Sewer    | Killed Pargi
  3025 | Sewer    | Reached skill level 1 in Dodging
  3283 | D:4      | Reached skill level 1 in Throwing
  3658 | D:4      | Reached skill level 6 in Axes
  3658 | D:4      | Reached XP level 7. HP: 25/52 MP: 7/7
  3675 | D:4      | Killed Battleaxe07's ghost
  3880 | D:5      | Entered Level 5 of the Dungeon
  4622 | D:5      | Reached skill level 7 in Axes
  5147 | D:6      | Reached XP level 8. HP: 50/60 MP: 8/8
  5161 | D:6      | Identified the +0 ring mail of Rotation {rC+ Str-4 Dex+4}
  5295 | D:6      | Mangled by a wight

Illustrated notes

Levels and vault maps discovered:
D:1:      dpeg_arrival_water_temple_mockup, layout_loops_corners,
          nicolae_kite_square_tiling_tiny, solitary_fountain
D:2:      layout_loops_ring, shapermc_ecumenical_altar_hornbeckon, uniq_robin,
          uniq_crazy_yiuf_cottage
D:3:      layout_rooms, grunt_ministairs_12, hangedman_decor_growths
D:4:      layout_rooms, gammafunk_ghost_arena, portal_sewer_entry_f
D:5:      layout_loops_ring
D:6:      layout_rooms, gammafunk_temple_overflow_elements,
          minmay_temple_entry_proselytizer, nicolae_ossuary_entry_ruins

Skill      XL: |  1  2  3  4  5  6  7 |
---------------+----------------------+-----
Axes           | 2 3 4 5 6 7 |  7.8
Armour         | 3 |  3.9
Shields        | 3 |  3.0
Shapeshifting  | 1 |  1.0
Evocations     | 1 |  1.0
Stealth        | 1 |  1.0
Dodging        | 1 |  1.0
Throwing       | 1 |  1.0
Fighting       | 4 |  4.0

Action                     |  1- 3 |  4- 6 |  7- 9 || total
---------------------------+-------+-------+-------++-------
  Melee: War axe           |   145 |   113 |   154 ||   412
  Throw: Stone             |       |       |    11 ||    11
    Use: Scroll            |       |     8 |     2 ||    10
         Potion            |       |     1 |     7 ||     8
 Armour: Plate armour      |   120 |   130 |   112 ||   362
         Scale mail        |     3 |       |       ||     3
  Dodge: Dodged            |    50 |    47 |    39 ||   136
  Block: Buckler           |    30 |    38 |    31 ||    99

Table legend: (Time is in decaauts)
 A = Elapsed time spent in this place.
 B = Non-inter-level travel time spent in this place.
 C = Inter-level travel time spent in this place.
 D = Time resting spent in this place.
 E = Time spent auto-exploring this place.
 F = Levels seen in this place.
 G = Mean time per level.
                   A        B        C        D        E       F      G
               +--------+--------+--------+--------+--------+-----+--------+
         Total |   5394 |   4647 |    747 |    766 |   2377 |   7 |  770.6 |
       Dungeon |   5133 |   4386 |    747 |    720 |   2271 |   6 |  855.5 |
         Sewer |    261 |    261 |      0 |     46 |    106 |   1 |  261.0 |
               +--------+--------+--------+--------+--------+-----+--------+

Top non-repeatable levels by time:
     D:1: 1224 daAuts
     D:5: 1151 daAuts
     D:2: 1052 daAuts
     D:4: 1000 daAuts
     D:3: 527 daAuts
   Sewer: 261 daAuts
     D:6: 177 daAuts
